 Dungeon Crawl Stone Soup version 0.17.1-3-g152610e (webtiles) character file.

121 Zhenya25pyc the Skirmisher (level 5, -3/33 HPs)
             Began as a Gargoyle Fighter on Apr 25, 2016.
             Slain by an ogre
             ... wielding a +0 giant spiked club
              (19 damage)
             ... on level 3 of the Dungeon.
             The game lasted 00:02:35 (1892 turns).

Zhenya25pyc the Skirmisher (Gargoyle Fighter)       Turns: 1892, Time: 00:02:35

Health: -3/33      AC: 12    Str: 21    XL:     5   Next: 5%
Magic:  5/5        EV:  7    Int:  8    God:
Gold:   121        SH:  9    Dex:  9    Spells: 0 memorised, 4 levels left

rFire  . . .     SeeInvis .     a - +0 flail
rCold  . . .     Clarity  .     b - +0 scale mail
rNeg   + . .     SustAt   .     c - +0 shield
rPois  ∞         Gourm    .     u - +0 helmet
rElec  +         Spirit   .     (no cloak)
rCorr  .         Warding  .     (no gloves)
rMut   .         Stasis   .     (no boots)
MR     .....                    (no amulet)
Stlth  ..........               (no ring)
                                (no ring)

@: not resistant to hostile enchantments, extremely unstealthy
A: negative energy resistance 1, electricity resistance, unbreathing,
petrification resistance, rot immunity, AC +4
a: no special abilities


You were on level 3 of the Dungeon.
You were hungry.

You visited 1 branch of the dungeon, and saw 3 of its levels.

You collected 121 gold pieces.

Inventory:

Hand Weapons
 a - a +0 flail (weapon)
Armour
 b - a +0 scale mail (worn)
 c - a +0 shield (worn)
 u - a +0 helmet (worn)
Scrolls
 g - a scroll of enchant armour {unknown}
 j - a scroll of immolation {unknown}
 l - a scroll of identify {unknown}
 m - a scroll of magic mapping {unknown}
 n - 3 scrolls of remove curse {unknown}
 r - a scroll of fear {unknown}
Potions
 d - a potion of might
 f - a potion of cancellation {unknown}
 k - a potion of degeneration {unknown}
 q - a potion of lignification {unknown}
 s - a potion of agility {unknown}
Comestibles
 e - 2 bread rations
 h - a beef jerky
 i - a slice of pizza
 o - a meat ration
 p - 4 fruits


   Skills:
 + Level 4.1 Fighting
 * Level 3.5 Maces & Flails
 + Level 3.9 Armour
 + Level 3.9 Shields


You had 4 spell levels left.
You didn't know any spells.

Dungeon Overview and Level Annotations

Branches:
Dungeon (3/15)

Altars:


Innate Abilities, Weirdness & Mutations

You are resistant to torment.
Your stone body is resilient (AC +4).
You are immune to poison.
You resist negative energy.
You are resistant to electric shocks.
You can survive without breathing.
You are immune to petrification.
You are immune to rotting.


Message History

The kobold throws a stone.
The stone hits you but does no damage. You block the goblin's attack.
You see here a stone.
You miss the goblin. The goblin hits you. You block the goblin's attack.
You closely miss the goblin. You block the goblin's attack.
The goblin barely misses you.
You sock the goblin!
You kill the goblin!
The goblin hits you but does no damage.
The kobold throws a stone.
You block the stone. The goblin hits you.
You thump the ogre!
The ogre is heavily wounded.
The ogre hits you with a giant spiked club!
The goblin barely misses you.
You hit the ogre.
The ogre is severely wounded.
The kobold throws a stone.
You block the stone.
The ogre hits you with a giant spiked club!!
Ouch! That really hurt!
You die...

#.# ##.## §≈.≈.§.≈.§.≈.≈.
###...# §..§§...§...≈.§ #.).#.#
§≈.≈.≈§≈.≈.≈.≈§≈
#.#...##≈§≈...≈...≈...≈≈
#.##.#.##≈≈≈.≈.≈g≈.≈.≈≈§ #
#.##....##≈≈≈.§K≈r..≈≈≈##.
#.#########≈§§O≈g§.§§§##.# #.#
#.##≈≈≈@..§§§##..# #.#
###.###§≈...≈≈###..#
#.#####.....###'%'### #..# #
#.[..........##....####..###...
#######.#.#######.###........#
##>#.# #.....#..#####
#....#############..#
#..........#######..#
#...######..........#


You could see an ogre, 2 goblins, a kobold and a rat.

Vanquished Creatures
  Robin (D:2)
  5 adders
  A giant gecko (D:1)
  2 orcs
  10 bats
  2 giant cockroaches
  7 hobgoblins
  4 jackals (D:1)
  2 kobolds (D:1)
  3 giant newts
  16 goblins
  8 rats
61 creatures vanquished.

Notes
Turn   | Place    | Note
--------------------------------------------------------------
     0 | D:1      | Zhenya25pyc the Gargoyle Fighter began the quest for the Orb.
     0 | D:1      | Reached XP level 1. HP: 14/14 MP: 1/1
    95 | D:1      | Reached XP level 2. HP: 14/19 MP: 2/2
   474 | D:1      | Reached XP level 3. HP: 15/23 MP: 3/3
  1128 | D:2      | Reached XP level 4. HP: 12/29 MP: 4/4
  1431 | D:2      | Noticed Robin
  1454 | D:2      | Killed Robin
  1719 | D:3      | Reached skill level 4 in Fighting
  1761 | D:3      | Reached XP level 5. HP: 31/33 MP: 5/5
  1886 | D:3      | Noticed an ogre
  1892 | D:3      | Slain by an ogre

Action                   |  1- 3 |  4- 6 || total
-------------------------+-------+-------++-------
Melee: Flail             |   173 |    83 ||   256
  Eat: Chunk             |     1 |     2 ||     3
